| TOP OF THE 1ST |
|
Beloit Snappers batting - Pitching for Greenville Drive : RHP Dan Jenkins
|
|
Pitching: RHP Dan Jenkins
|
|
|
Batting: RHB Mike Gangi
|
0-0: Called Strike 0-1: Ground out 6-3 (Groundball, 6, EV 102.5 MPH)
|
|
Batting: LHB Oscar Curiel
|
0-0: Called Strike 0-1: Ball 1-1: SINGLE (Groundball, 4D, EV 95.6 MPH)
|
|
Batting: RHB Rafael Alarcon
|
0-0: Ground out 4-3 (Groundball, 13, EV 78.1 MPH) Oscar Curiel to second
|
|
Batting: RHB Chris Temple
|
0-0: Called Strike 0-1: Called Strike 0-2: Strikes out swinging
|
| Top of the 1st over - 0 runs, 1 hit, 0 errors, 1 left on base; Beloit 0 - Greenville 0 |
| BOTTOM OF THE 1ST |
|
Greenville Drive batting - Pitching for Beloit Snappers : RHP Chad Cooper
|
|
Pitching: RHP Chad Cooper
|
|
|
Batting: LHB Robert Gonzalez
|
0-0: Foul Ball, location: 2F 0-1: Called Strike 0-2: Ball 1-2: Foul Ball, location: 2F 1-2: Ball 2-2: Ball 3-2: Foul Ball, location: 2F 3-2: Base on Balls
|
|
Batting: SHB Salvador Padilla
|
0-0: Ball 1-0: SINGLE (Groundball, 15S, EV 60.6 MPH) (infield hit) Robert Gonzalez to second
|
|
Batting: SHB Robert Soto
|
0-0: Ball 1-0: Ball 2-0: Ball 3-0: Base on Balls Robert Gonzalez to third Salvador Padilla to second
|
|
Batting: LHB Danny Montoya
|
0-0: Ball 1-0: Called Strike 1-1: DOUBLE (Line Drive, 78M, EV 106.2 MPH) Robert Gonzalez scores Salvador Padilla scores Robert Soto to third Runner from 3rd tries for Home, SAFE, throw by LF to home
|
|
Batting: RHB Alex Cardenas
|
0-0: Ball 1-0: Ball 2-0: Ground out 6-3 (Groundball, 6, EV 98.8 MPH)
|
|
Batting: RHB Adugna Chandu
|
0-0: Foul Ball, location: 2F 0-1: Fly out, F8 (Flyball, 89M, EV 86.9 MPH)
|
|
Batting: LHB Carlos Guerra
|
0-0: Fly out, F5 (Popup, 25F, EV 81.9 MPH)
|
| Bottom of the 1st over - 3 runs, 2 hits, 0 errors, 1 left on base; Beloit 0 - Greenville 3 |
| TOP OF THE 2ND |
|
Beloit Snappers batting - Pitching for Greenville Drive : RHP Dan Jenkins
|
|
Batting: RHB Shannon Beck
|
0-0: Ball 1-0: Ball 2-0: Called Strike 2-1: Called Strike 2-2: Ball 3-2: Base on Balls
|
|
Batting: RHB Jason Dove
|
0-0: Swinging Strike 0-1: Ball Wild Pitch! Shannon Beck to second 1-1: Swinging Strike 1-2: Strikes out swinging
|
|
Batting: RHB Emiel Schlepers
|
0-0: Swinging Strike 0-1: Ball 1-1: Ball 2-1: Foul Ball, location: 2F 2-2: Foul Ball, location: 2F 2-2: Ball 3-2: Foul Ball, location: 2F 3-2: Base on Balls
|
|
Batting: RHB Moses Brokken
|
0-0: Called Strike 0-1: Called Strike 0-2: Ball 1-2: Fly out, F7 (Line Drive, 7, EV 95.6 MPH) Lined into DP, 7-4 (Line Drive, 7, EV 95.6 MPH)
|
| Top of the 2nd over - 0 runs, 0 hits, 0 errors, 1 left on base; Beloit 0 - Greenville 3 |
| BOTTOM OF THE 2ND |
|
Greenville Drive batting - Pitching for Beloit Snappers : RHP Chad Cooper
|
|
Batting: RHB Bobby Schimke
|
0-0: Ball 1-0: Ground out 5-3 (Groundball, 56, EV 81.2 MPH)
|
|
Batting: RHB Mario Arriero
|
0-0: Ground out 6-3 (Groundball, 56, EV 88.1 MPH)
|
|
Batting: LHB Robert Gonzalez
|
0-0: Ball 1-0: Ball 2-0: Ball 3-0: Base on Balls
|
|
Batting: SHB Salvador Padilla
|
0-0: Ball Robert Gonzalez is caught stealing 2nd base 2-6
|
| Bottom of the 2nd over - 0 runs, 0 hits, 0 errors, 0 left on base; Beloit 0 - Greenville 3 |
| TOP OF THE 3RD |
|
Beloit Snappers batting - Pitching for Greenville Drive : RHP Dan Jenkins
|
|
Batting: RHB Tim Anderson
|
0-0: Ball 1-0: Swinging Strike 1-1: Ball 2-1: Swinging Strike 2-2: Strikes out swinging
|
|
Batting: RHB Mike Gangi
|
0-0: Called Strike 0-1: Ball 1-1: Foul Ball, location: 2F 1-2: Foul Ball, location: 2F 1-2: Ball 2-2: Foul Ball, location: 2F 2-2: DOUBLE (Line Drive, 7LD, EV 103.8 MPH)
|
|
Batting: LHB Oscar Curiel
|
0-0: Fly out, F7 (Flyball, 7LM, EV 101.9 MPH)
|
|
Batting: RHB Rafael Alarcon
|
0-0: Called Strike 0-1: Ground out U3 (Groundball, 34, EV 82.5 MPH)
|
| Top of the 3rd over - 0 runs, 1 hit, 0 errors, 1 left on base; Beloit 0 - Greenville 3 |
| BOTTOM OF THE 3RD |
|
Greenville Drive batting - Pitching for Beloit Snappers : RHP Chad Cooper
|
|
Batting: SHB Salvador Padilla
|
0-0: Ball 1-0: Fly out, F9 (Flyball, 9, EV 87.5 MPH)
|
|
Batting: SHB Robert Soto
|
0-0: Ball 1-0: Ball 2-0: Ground out 4-3 (Groundball, 4M, EV 102.5 MPH)
|
|
Batting: LHB Danny Montoya
|
0-0: Swinging Strike 0-1: Foul Ball, location: 2F 0-2: Fly out, F8 (Flyball, 8LM, EV 81.2 MPH)
|
| Bottom of the 3rd over - 0 runs, 0 hits, 0 errors, 0 left on base; Beloit 0 - Greenville 3 |
| TOP OF THE 4TH |
|
Beloit Snappers batting - Pitching for Greenville Drive : RHP Dan Jenkins
|
|
Batting: RHB Chris Temple
|
0-0: Foul Ball, location: 2F 0-1: Ball 1-1: Foul Ball, location: 2F 1-2: SINGLE (Groundball, 4MD, EV 98.8 MPH)
|
|
Batting: RHB Shannon Beck
|
0-0: Ball 1-0: Ball 2-0: 2-RUN HOME RUN (Flyball, 78XD, EV 109.4 MPH), Distance : 421 ft
|
|
Batting: RHB Jason Dove
|
0-0: Called Strike 0-1: Ball 1-1: SOLO HOME RUN (Flyball, 78XD, EV 112.5 MPH), Distance : 425 ft
|
|
Batting: RHB Emiel Schlepers
|
0-0: Swinging Strike 0-1: Ball 1-1: Ground out 6-3 (Groundball, 6, EV 88.8 MPH)
|
|
Batting: RHB Moses Brokken
|
0-0: Ball 1-0: Swinging Strike 1-1: Ball 2-1: Ball 3-1: Fly out, F9 (Line Drive, 9S, EV 96.2 MPH)
|
|
Batting: RHB Tim Anderson
|
0-0: Ball 1-0: Ball 2-0: Ball 3-0: Called Strike 3-1: Base on Balls
|
|
Batting: RHB Mike Gangi
|
0-0: Ball Tim Anderson steals 2nd base 1-0: Ball 2-0: Called Strike 2-1: Foul Ball, location: 2F 2-2: Ball 3-2: Foul Ball, location: 2F 3-2: Foul Ball, location: 2F 3-2: Strikes out swinging
|
| Top of the 4th over - 3 runs, 3 hits, 0 errors, 1 left on base; Beloit 3 - Greenville 3 |
| BOTTOM OF THE 4TH |
|
Greenville Drive batting - Pitching for Beloit Snappers : RHP Chad Cooper
|
|
Batting: RHB Alex Cardenas
|
0-0: Ball 1-0: Ground out 6-3 (Groundball, 6, EV 99.4 MPH)
|
|
Batting: RHB Adugna Chandu
|
0-0: Ball 1-0: Foul Ball, location: 2F 1-1: Ball 2-1: Ball 3-1: Called Strike 3-2: Foul Ball, location: 2F 3-2: Fly out, F7 (Flyball, 7D, EV 82.5 MPH)
|
|
Batting: LHB Carlos Guerra
|
0-0: Ball 1-0: Ball 2-0: Ball 3-0: Fly out, F8 (Flyball, 8RXD, EV 110.6 MPH)
|
| Bottom of the 4th over - 0 runs, 0 hits, 0 errors, 0 left on base; Beloit 3 - Greenville 3 |
| TOP OF THE 5TH |
|
Beloit Snappers batting - Pitching for Greenville Drive : RHP Dan Jenkins
|
|
Batting: LHB Oscar Curiel
|
0-0: Called Strike 0-1: Fly out, F8 (Line Drive, 8RD, EV 98.1 MPH)
|
|
Batting: RHB Rafael Alarcon
|
0-0: Ground out 6-3 (Groundball, 6, EV 100.6 MPH)
|
|
Batting: RHB Chris Temple
|
0-0: Called Strike 0-1: Hit by Pitch
|
|
Batting: RHB Shannon Beck
|
0-0: Called Strike 0-1: Fly out, F4 (Popup, 4, EV 61.9 MPH)
|
| Top of the 5th over - 0 runs, 0 hits, 0 errors, 1 left on base; Beloit 3 - Greenville 3 |
| BOTTOM OF THE 5TH |
|
Greenville Drive batting - Pitching for Beloit Snappers : RHP Chad Cooper
|
|
Batting: RHB Bobby Schimke
|
0-0: Ground out 4-3 (Groundball, 4, EV 103.8 MPH)
|
|
Batting: RHB Mario Arriero
|
0-0: Foul Ball, location: 2F 0-1: Ball 1-1: Foul Ball, location: 2F 1-2: SINGLE (Groundball, 34S, EV 68.1 MPH) (infield hit)
|
|
Batting: LHB Robert Gonzalez
|
0-0: Swinging Strike 0-1: Fielders Choice at 2nd, 3-6 (Groundball, 3, EV 88.1 MPH)
|
|
Batting: SHB Salvador Padilla
|
0-0: Called Strike Robert Gonzalez steals 2nd base 0-1: Called Strike 0-2: Strikes out looking
|
| Bottom of the 5th over - 0 runs, 1 hit, 0 errors, 1 left on base; Beloit 3 - Greenville 3 |
| TOP OF THE 6TH |
|
Beloit Snappers batting - Pitching for Greenville Drive : RHP Dan Jenkins
|
|
Batting: RHB Jason Dove
|
0-0: Ground out U3 (Groundball, 34S, EV 72.5 MPH)
|
|
Pitching: RHP Tyler Tomblin
|
|
|
Batting: RHB Emiel Schlepers
|
0-0: Ball 1-0: Ground out 4-3 (Groundball, 4, EV 91.2 MPH)
|
|
Pitching: RHP Paul Carter
|
|
|
Batting: RHB Moses Brokken
|
0-0: Called Strike 0-1: Foul Ball, location: 2F 0-2: Strikes out looking
|
| Top of the 6th over - 0 runs, 0 hits, 0 errors, 0 left on base; Beloit 3 - Greenville 3 |
| BOTTOM OF THE 6TH |
|
Greenville Drive batting - Pitching for Beloit Snappers : RHP Chad Cooper
|
|
Batting: SHB Robert Soto
|
0-0: Foul Ball, location: 2F 0-1: Foul Ball, location: 2F 0-2: Foul Ball, location: 2F 0-2: Ball 1-2: Ground out 4-3 (Groundball, 4, EV 83.8 MPH)
|
|
Batting: LHB Danny Montoya
|
0-0: Ground out 6-3 (Groundball, 6M, EV 96.9 MPH)
|
|
Batting: RHB Alex Cardenas
|
0-0: Ball 1-0: Ball 2-0: Ball 3-0: Base on Balls
|
|
Batting: RHB Adugna Chandu
|
0-0: Foul Ball, location: 2F 0-1: Ball Alex Cardenas is caught stealing 2nd base 2-4
|
| Bottom of the 6th over - 0 runs, 0 hits, 0 errors, 0 left on base; Beloit 3 - Greenville 3 |
| TOP OF THE 7TH |
|
Beloit Snappers batting - Pitching for Greenville Drive : RHP Paul Carter
|
|
Pinch Hitting: LHB Alejandro Muniz
|
0-0: Swinging Strike 0-1: Ground out 4-3 (Groundball, 34, EV 88.1 MPH)
|
|
Pinch Hitting: LHB Roscoe Romaine
|
0-0: Ground out 6-3 (Groundball, 4, EV 80.6 MPH)
|
|
Batting: LHB Oscar Curiel
|
0-0: Ground out 4-3 (Groundball, 4, EV 94.4 MPH)
|
| Top of the 7th over - 0 runs, 0 hits, 0 errors, 0 left on base; Beloit 3 - Greenville 3 |
| BOTTOM OF THE 7TH |
|
Greenville Drive batting - Pitching for Beloit Snappers : RHP Chad Cooper
|
|
Now at SS: Jamie Jennings
|
|
|
Now in CF: Walt Alaniz
|
|
|
Batting: RHB Adugna Chandu
|
0-0: Called Strike 0-1: Ball 1-1: Reached on error, E8 (Flyball, 89M, EV 91.2 MPH)
|
|
Batting: LHB Carlos Guerra
|
0-0: Ball 1-0: Ball 2-0: Ball 3-0: Called Strike 3-1: Swinging Strike 3-2: Base on Balls Adugna Chandu to second
|
|
Pinch Runner at 2nd Guillermo Quintero:
|
|
|
Batting: RHB Bobby Schimke
|
0-0: Called Strike 0-1: Grounds into double play, 6-4-3 (Groundball, 6, EV 82.5 MPH) Guillermo Quintero to third
|
|
Pitching: RHP Alfonso Alvarado
|
|
|
Pinch Hitting: LHB Eddie Contreras
|
0-0: Ball 1-0: Called Strike 1-1: Ball 2-1: Ball 3-1: Base on Balls
|
|
Batting: LHB Robert Gonzalez
|
0-0: Foul Ball, location: 2F 0-1: Ball 1-1: Foul Ball, location: 2F 1-2: Strikes out swinging
|
| Bottom of the 7th over - 0 runs, 0 hits, 1 error, 2 left on base; Beloit 3 - Greenville 3 |
| TOP OF THE 8TH |
|
Beloit Snappers batting - Pitching for Greenville Drive : RHP Paul Carter
|
|
Now at 2B: Guillermo Quintero
|
|
|
Now in LF: Carlos Guerra
|
|
|
Now in CF: Aukukero Tairi
|
|
|
Batting: RHB Rafael Alarcon
|
0-0: Ball 1-0: Called Strike 1-1: Ball 2-1: Foul Ball, location: 2F 2-2: Strikes out swinging
|
|
Batting: RHB Chris Temple
|
0-0: Ball 1-0: Swinging Strike 1-1: Called Strike 1-2: SINGLE (Groundball, 34D, EV 103.1 MPH)
|
|
Batting: RHB Shannon Beck
|
0-0: 2-RUN HOME RUN (Flyball, 7D, EV 99.4 MPH), Distance : 415 ft
|
|
Batting: RHB Jason Dove
|
0-0: Ball 1-0: Ball 2-0: Called Strike 2-1: Called Strike 2-2: Foul Ball, location: 2F 2-2: Foul Ball, location: 2F 2-2: Strikes out looking
|
|
Batting: RHB Emiel Schlepers
|
0-0: SINGLE (Groundball, 6MD, EV 101.2 MPH)
|
|
Batting: RHB Moses Brokken
|
0-0: Called Strike 0-1: Ball Emiel Schlepers steals 2nd base 1-1: Swinging Strike 1-2: Ball 2-2: Foul Ball, location: 2F 2-2: Ball 3-2: Foul Ball, location: 2F 3-2: Strikes out looking
|
| Top of the 8th over - 2 runs, 3 hits, 0 errors, 1 left on base; Beloit 5 - Greenville 3 |
| BOTTOM OF THE 8TH |
|
Greenville Drive batting - Pitching for Beloit Snappers : RHP Alfonso Alvarado
|
|
Batting: SHB Salvador Padilla
|
0-0: Ball 1-0: Called Strike 1-1: Ball 2-1: Swinging Strike 2-2: SINGLE (Flyball, 8RS, EV 91.9 MPH)
|
|
Batting: SHB Robert Soto
|
0-0: Called Strike 0-1: Grounds into double play, 4-6-3 (Groundball, 4D, EV 88.1 MPH)
|
|
Batting: LHB Danny Montoya
|
0-0: Called Strike 0-1: Ground out 4-3 (Groundball, 4S, EV 68.1 MPH)
|
| Bottom of the 8th over - 0 runs, 1 hit, 0 errors, 0 left on base; Beloit 5 - Greenville 3 |
| TOP OF THE 9TH |
|
Beloit Snappers batting - Pitching for Greenville Drive : RHP Paul Carter
|
|
Pitching: RHP Ross Ratcliffe
|
|
|
Batting: RHB Walt Alaniz
|
0-0: Ball 1-0: Foul Ball, location: 2F 1-1: SINGLE (Groundball, 4MD, EV 98.8 MPH)
|
|
Batting: RHB Jamie Jennings
|
0-0: Sac Bunt to 25 - play at first, batter OUT! 5-3 Walt Alaniz to second
|
|
Batting: LHB Oscar Curiel
|
0-0: Intentional Walk
|
|
Pitching: RHP Jon Olivo
|
|
|
Batting: RHB Rafael Alarcon
|
0-0: Called Strike 0-1: Ball 1-1: Foul Ball, location: 2F 1-2: Strikes out swinging
|
|
Batting: RHB Chris Temple
|
0-0: Ball 1-0: Ball 2-0: Called Strike 2-1: Foul Ball, location: 2F 2-2: Ball 3-2: Foul Ball, location: 2F 3-2: Base on Balls Walt Alaniz to third Oscar Curiel to second
|
|
Batting: RHB Shannon Beck
|
0-0: Foul Ball, location: 2F 0-1: Foul Ball, location: 2F 0-2: Strikes out looking
|
| Top of the 9th over - 0 runs, 1 hit, 0 errors, 3 left on base; Beloit 5 - Greenville 3 |
| BOTTOM OF THE 9TH |
|
Greenville Drive batting - Pitching for Beloit Snappers : RHP Alfonso Alvarado
|
|
Pitching: RHP Tony Contreras
|
|
|
Batting: RHB Alex Cardenas
|
0-0: Ball 1-0: Ball 2-0: Foul Ball, location: 2F 2-1: Swinging Strike 2-2: SINGLE (Groundball, 4MD, EV 105.6 MPH)
|
|
Batting: RHB Guillermo Quintero
|
0-0: Called Strike 0-1: Ball 1-1: Ball 2-1: Ball 3-1: Called Strike 3-2: SINGLE (Groundball, 5S, EV 70.0 MPH) (infield hit) Alex Cardenas to second
|
|
Pinch Runner at 2nd Blake Sams:
|
|
|
Batting: LHB Carlos Guerra
|
0-0: Foul Ball, location: 2F 0-1: Ball 1-1: Foul Ball, location: 2F 1-2: Foul Ball, location: 2F 1-2: Ball 2-2: Foul Ball, location: 2F 2-2: Ball 3-2: Fly out, F8 (Flyball, 8RM, EV 93.8 MPH)
|
|
Batting: RHB Bobby Schimke
|
0-0: Foul Ball, location: 2F 0-1: Ball 1-1: Fly out, F8 (Line Drive, 78M, EV 106.9 MPH)
|
|
Batting: RHB Aukukero Tairi
|
0-0: Swinging Strike 0-1: Ball 1-1: Ball 2-1: Ground out U3 (Groundball, 3, EV 97.5 MPH)
|
| Bottom of the 9th over - 0 runs, 2 hits, 0 errors, 2 left on base; Beloit 5 - Greenville 3 |
|